Map: Bel'Shir Vestige LE (Void)

Players

TRUE

  • Race: Zerg Zerg
  • Spawn Location: 11:00

Nerchio - Winner!

  • Race: Zerg Zerg
  • Spawn Location: 5:00

Event: WCS Austin 2017

VOD

Have the link to the VOD?

Description

Time

  • Played on: April 30, 2017, 1:32 p.m.
  • Length: 15:10

All games in this series

Show
View Real Time Build Order
Export as new Build Order

TRUE Zerg 

Build Orders: Pool First, Zergling Baneling 

Get SALT Encoding   

  12  0:00  Drone  
  13  0:12  Extractor  
  12  0:23  Spawning Pool  
  12  0:28  Drone  
  12  0:33  Drone  
  13  0:38  Drone  
  14  0:49  Overlord  
  14  1:10  Zergling x4  
  14  1:11  Zergling x2  
  17  1:14  Metabolic Boost  
  17  1:21  Zergling x2  
  18  1:32  Zergling x2  
  18  1:36  Baneling Nest  
  18  1:45  Zergling x2  
  19  1:54  Zergling x2  
  20  2:05  Zergling x2  
  21  2:15  Hatchery  
  20  2:17  Zergling x2  
  21  2:23  Baneling x2  
  21  2:28  Zergling x2  
  22  2:30  Baneling  
  22  2:31  Baneling  
  18  2:52  Drone x2  
  18  2:57  Queen  
  21  3:00  Baneling  
  21  3:01  Baneling  
  20  3:13  Drone  
  20  3:19  Drone  
  21  3:33  Drone x2  
  21  3:34  Drone  
  23  3:38  Drone  
  23  3:41  Queen  
  23  3:43  Drone  
  26  3:51  Overlord  
  26  3:53  Drone  
  27  3:59  Drone  
  27  4:10  Zergling x2  
  27  4:16  Drone x4  
  32  4:19  Zergling x2  
  32  4:21  Zergling x2  
  34  4:28  Baneling x2  
  34  4:40  Hatchery  
  34  4:43  Baneling x2  
  34  4:45  Queen  
  35  4:50  Overlord  
  35  4:54  Overlord  
  35  4:58  Baneling x2  
  35  5:03  Zergling x2  
  35  5:15  Drone x8  
  35  5:16  Drone  
  44  5:25  Queen  
  44  5:27  Overlord  
  46  5:29  Zergling x2  
  46  5:33  Drone  
  48  5:36  Overlord  
  48  5:43  Overlord  
  48  5:51  Drone x2  
  48  5:52  Drone  
  48  5:54  Extractor  
  48  5:56  Drone x3  
  48  5:57  Drone, Roach Warren  
  52  6:01  Drone x2  
  52  6:03  Drone  
  55  6:05  Drone  
  55  6:10  Drone x2  
  58  6:13  Lair  
  58  6:14  Extractor  
  58  6:15  Drone  
  57  6:28  Drone  
  57  6:29  Drone x2, Overlord  
  61  6:32  Drone  
  61  6:33  Drone x4, Extractor  
  61  6:38  Drone x2  
  66  6:43  Roach x3, Extractor  
  66  6:44  Extractor  
  66  6:45  Roach  
  72  6:48  Overlord  
  72  6:50  Roach  
  72  6:52  Overlord  
  74  6:56  Overlord  
  74  7:01  Drone x2  
  73  7:14  Zergling x14, Spire  
  79  7:20  Zergling x8  
  83  7:26  Zergling x6  
  83  7:27  Zergling x2  
  83  7:29  Zergling x4  
  89  7:30  Zergling x4  
  89  7:32  Zergling x2  
  92  7:39  Zergling x2  
  92  7:42  Drone x5  
  94  7:52  Overlord  
  94  7:59  Overlord x3  
  93  8:17  Overlord  
  93  8:26  Mutalisk  
  93  8:27  Mutalisk x5  
  93  8:28  Mutalisk x4  
  93  8:30  Mutalisk  
  93  8:32  Zergling x2  
  115  8:34  Mutalisk  
  115  8:37  Mutalisk  
  119  8:42  Mutalisk  
  119  8:45  Drone x3  
  124  8:50  Zerg Flyer Weapons Level 1  
  124  9:03  Mutalisk x2  
  124  9:06  Hatchery  
  124  9:08  Mutalisk  
  129  9:17  Overlord  
  129  9:19  Mutalisk, Overseer  
  131  9:30  Mutalisk x2  
  129  9:36  Drone  
  129  9:37  Drone x6  
  136  9:38  Drone x2  
  136  9:41  Mutalisk  
  136  9:45  Mutalisk  
  142  9:48  Mutalisk  
  142  9:50  Extractor  
  143  9:53  Extractor  
  143  9:54  Mutalisk  
  143  9:56  Overlord  
  144  10:03  Mutalisk  
  144  10:04  Zergling x14  
  144  10:05  Overlord  
  153  10:09  Overlord  
  153  10:13  Overlord  
  152  10:15  Overlord, Mutalisk  
  154  10:21  Mutalisk x2  
  154  10:25  Mutalisk  
  154  10:26  Overlord  
  154  10:27  Zergling x2  
  161  10:31  Mutalisk  
  162  10:36  Mutalisk  
  162  10:37  Zergling x6  
  162  10:40  Mutalisk  
  160  10:44  Mutalisk  
  160  10:49  Mutalisk  
  164  10:53  Mutalisk, Unknown  
  166  10:59  Mutalisk  
  168  11:05  Mutalisk  
  168  11:14  Mutalisk x2  
  168  11:17  Mutalisk  
  174  11:21  Zergling x26  
  174  11:22  Zergling x2  
  174  11:25  Mutalisk  
  190  11:28  Pneumatized Carapace  
  190  11:36  Mutalisk x2  
  193  11:43  Mutalisk  
  191  11:49  Mutalisk x2  
  177  11:55  Mutalisk  
  177  11:58  Mutalisk  
  172  12:01  Zergling x14  
  176  12:10  Mutalisk x2  
  176  12:13  Mutalisk  
  160  12:23  Mutalisk  
  160  12:26  Mutalisk  
  151  12:34  Mutalisk  
  151  12:36  Zergling x6  
  140  12:46  Mutalisk  
  140  12:47  Mutalisk  
  126  12:52  Drone  
  126  12:54  Mutalisk  
  126  12:58  Mutalisk  
  115  13:05  Mutalisk  
  85  13:14  Drone  
  75  13:30  Hatchery  
  72  13:35  Zergling x4  
Show
View Real Time Build Order
Export as new Build Order

Nerchio Zerg - Winner!

Build Orders: Pool First 

Get SALT Encoding   

  12  0:00  Drone  
  13  0:12  Overlord  
  13  0:17  Drone  
  14  0:30  Drone x2  
  14  0:35  Drone  
  17  0:44  Spawning Pool  
  17  0:46  Drone  
  17  0:55  Drone, Extractor  
  17  1:06  Drone  
  18  1:16  Hatchery  
  17  1:30  Queen  
  17  1:31  Zergling x2  
  20  1:35  Drone  
  21  1:41  Overlord  
  21  1:51  Baneling Nest  
  21  1:53  Zergling x2  
  21  2:00  Zergling x2  
  22  2:12  Zergling x2  
  22  2:13  Spine Crawler  
  22  2:19  Queen  
  24  2:28  Drone  
  26  2:34  Baneling x3  
  26  2:35  Baneling  
  26  2:38  Drone  
  26  2:39  Drone  
  27  2:47  Drone x2  
  27  2:50  Drone  
  28  2:58  Metabolic Boost  
  27  3:15  Drone  
  27  3:28  Zergling x4  
  27  3:29  Hatchery  
  27  3:33  Drone  
  29  3:34  Extractor  
  29  3:42  Hatchery  
  29  3:43  Overlord  
  28  3:51  Zergling x2  
  29  4:06  Drone  
  29  4:09  Drone  
  31  4:13  Drone  
  31  4:16  Hatchery  
  31  4:21  Drone  
  32  4:24  Queen  
  34  4:31  Overlord  
  34  4:35  Drone  
  34  4:37  Drone  
  36  4:39  Drone  
  37  4:52  Zergling x2  
  38  4:54  Zergling x2  
  38  4:56  Queen  
  41  5:00  Zergling x2  
  41  5:04  Drone x2  
  41  5:07  Drone  
  41  5:09  Drone  
  41  5:12  Drone  
  44  5:15  Drone  
  44  5:20  Evolution Chamber  
  44  5:26  Roach Warren  
  44  5:28  Drone x2  
  45  5:31  Drone  
  45  5:32  Drone  
  47  5:38  Lair  
  47  5:40  Drone  
  48  5:44  Drone  
  48  5:45  Drone, Extractor x2  
  48  5:48  Drone  
  49  5:50  Drone  
  49  5:52  Drone  
  49  5:54  Drone  
  49  5:55  Drone  
  52  5:57  Drone  
  52  6:03  Drone x2  
  52  6:04  Drone  
  56  6:09  Overlord  
  56  6:11  Zergling x4  
  57  6:16  Zerg Missile Weapons Level 1  
  58  6:18  Overlord  
  58  6:29  Roach x4  
  58  6:30  Baneling x2  
  66  6:34  Glial Reconstitution  
  66  6:35  Overlord  
  66  6:42  Overlord  
  66  6:45  Overlord, Extractor  
  65  6:51  Drone x8  
  73  6:55  Extractor  
  73  7:00  Drone x3  
  73  7:01  Drone x2  
  76  7:04  Overlord  
  76  7:11  Drone x3, Infestation Pit  
  76  7:12  Drone  
  76  7:14  Drone  
  79  7:15  Drone  
  79  7:19  Drone x2  
  79  7:20  Drone  
  79  7:21  Drone  
  83  7:25  Evolution Chamber, Extractor  
  83  7:26  Drone  
  82  7:31  Overlord  
  82  7:35  Overlord  
  82  7:40  Roach x3  
  82  7:41  Roach x2  
  82  7:43  Roach  
  89  7:46  Spine Crawler  
  89  7:47  Roach  
  89  7:49  Roach  
  89  7:51  Roach  
  90  7:53  Roach  
  90  7:55  Roach  
  90  7:56  Roach  
  96  7:59  Roach  
  96  8:03  Roach x3  
  104  8:08  Evolution Chamber  
  104  8:09  Roach, Evolution Chamber  
  104  8:11  Roach  
  108  8:13  Roach  
  108  8:15  Roach  
  108  8:16  Infestor  
  108  8:19  Infestor  
  114  8:23  Zerg Ground Armor Level 1  
  114  8:25  Hydralisk Den  
  115  8:28  Infestor  
  115  8:29  Infestor  
  115  8:30  Overlord  
  115  8:33  Overlord  
  119  8:36  Zerg Missile Weapons Level 2  
  119  8:40  Infestor  
  121  8:43  Spore Crawler  
  121  8:45  Spore Crawler  
  121  8:46  Spore Crawler  
  118  8:50  Drone  
  118  8:51  Drone x2  
  118  8:54  Burrow  
  121  8:57  Spore Crawler  
  121  9:00  Muscular Augments  
  121  9:01  Hydralisk  
  121  9:02  Hydralisk  
  124  9:07  Hydralisk, Spore Crawler  
  125  9:10  Hydralisk  
  125  9:12  Hydralisk  
  125  9:15  Overlord  
  129  9:18  Overlord  
  129  9:22  Ravager x2  
  129  9:23  Overlord  
  128  9:28  Drone  
  128  9:29  Drone x4  
  127  9:31  Drone  
  127  9:32  Drone  
  127  9:34  Drone  
  127  9:35  Drone  
  127  9:37  Ravager x2  
  127  9:38  Ravager  
  134  9:40  Drone  
  134  9:41  Drone  
  134  9:42  Drone  
  134  9:44  Drone  
  138  9:54  Hatchery  
  138  9:55  Pneumatized Carapace  
  138  9:59  Hydralisk  
  139  10:10  Unknown  
  139  10:11  Roach x7  
  153  10:20  Hive  
  153  10:24  Overlord, Overseer  
  153  10:26  Overlord  
  153  10:27  Overlord  
  153  10:34  Overlord  
  153  10:38  Overlord x2  
  153  10:40  Overlord x2  
  153  10:43  Extractor  
  153  10:44  Roach, Spore Crawler  
  153  10:45  Overlord  
  153  10:48  Roach  
  155  10:51  Overseer  
  155  10:52  Roach  
  155  10:54  Roach x2  
  161  11:00  Hydralisk x2  
  165  11:04  Hydralisk  
  165  11:06  Unknown  
  165  11:07  Ravager x3, Hydralisk  
  171  11:13  Drone  
  171  11:14  Drone x3  
  175  11:23  Drone  
  175  11:24  Drone  
  177  11:30  Spore Crawler  
  177  11:32  Spore Crawler x2  
  174  11:33  Spore Crawler x2  
  174  11:34  Viper  
  174  11:35  Viper  
  178  11:42  Viper x2  
  184  11:51  Hydralisk x3  
  175  11:55  Hydralisk  
  175  11:58  Roach  
  175  11:59  Roach  
  176  12:04  Roach  
  176  12:05  Roach x2  
  176  12:06  Roach  
  181  12:09  Roach  
  181  12:12  Roach x2  
  184  12:19  Roach  
  184  12:20  Roach x3  
  184  12:21  Roach  
  179  12:24  Roach  
  179  12:25  Roach  
  172  12:30  Hydralisk  
  172  12:33  Hydralisk  
  172  12:36  Hydralisk  
  165  12:40  Hydralisk  
  156  12:57  Spawning Pool  
  142  13:21  Roach x9  
  131  13:28  Drone x6  
  135  13:41  Roach x3  
  129  13:46  Spore Crawler  
  129  13:47  Spore Crawler  
  129  13:48  Spore Crawler x2  
  101  13:49  Spore Crawler x2  
  101  13:50  Drone, Spore Crawler x2  
  101  13:51  Drone x4, Spore Crawler  
  101  13:52  Drone  
  101  13:53  Drone x3  
  94  13:55  Spore Crawler  
  94  14:01  Viper x2  
  86  14:05  Spore Crawler  
  86  14:06  Spore Crawler x2  
  86  14:07  Spore Crawler  
  86  14:08  Spore Crawler  
  86  14:09  Spore Crawler  
  69  14:14  Spore Crawler x2  
  58  14:18  Spore Crawler  
  51  14:24  Spine Crawler  
  48  14:45  Roach x5, Roach Warren  
  58  14:52  Zergling x4  
  57  14:58  Drone x2  
Tags
 
Add a new tag
Caveats
  • Supply blocks, unpowered buildings, or Contaminate may cause inaccurate times.
  • Supply counts are checked every 10 seconds.